 Dungeon Crawl Stone Soup version 0.31-a0-263-ge8cad7f256 (webtiles) character file.

Game seed: 859754832066037629

74 qw the Shooter (level 4, -5/26 HPs)
             Began as a Gargoyle Hexslinger on July 13, 2023.
             Slain by Sigmund
             ... wielding a +0 scythe
              (8 damage)
             ... on level 2 of the Dungeon.
             The game lasted 00:00:39 (1353 turns).

qw the Shooter (Gargoyle Hexslinger)                Turns: 1353, Time: 00:00:39

Health: -5/26      AC:  6    Str: 12    XL:     4   Next: 30%
Magic:  5/5        EV: 11    Int: 13    God:
Gold:   27         SH:  0    Dex: 14    Spells: 4/5 levels left

rFire   . . .        Y - +1 sling
rCold   . . .        (no shield)
rNeg    + . .        g - +0 leather armour
rPois   inf          (no helmet)
rElec   +            (no cloak)
rCorr   .            (no gloves)
SInv    .            (no boots)
Will    .....        (no amulet)
Stlth   +            (no ring)
HPRegen 0.24/turn    (no ring)
MPRegen 0.09/turn

%: no passive effects
@: no status effects
A: sickness immunity, AC +3, negative energy resistance 1, electricity
resistance, torment resistance 1, petrification resistance
a: no special abilities


You were on level 2 of the Dungeon.
You visited 1 branch of the dungeon, and saw 2 of its levels.

You collected 27 gold pieces.


Innate Abilities, Weirdness & Mutations

You are immune to sickness and miasma.
Your stone body is resilient. (AC +3)
You are immune to poison.
You resist negative energy. (rN+)
You are resistant to electric shocks. (rElec)
You are resistant to unholy torment.
You are immune to petrification.


   Skills:
 - Level 2.0 Fighting
 + Level 4.1 Ranged Weapons
 - Level 1.5 Dodging
 - Level 1.0 Spellcasting
 - Level 2.6 Hexes


You had 4 spell levels left.
You knew the following spells:

 Your Spells              Type           Power      Damage    Failure   Level
a - Slow                  Hex            28%        N/A       12%         1

Your spell library contained the following spells:

 Spells                   Type           Power      Damage    Failure   Level
 Inner Flame              Hex/Fire       4%         N/A       52%         3
 Portal Projectile        Hex/Tloc       8%         N/A       52%         3
 Cause Fear               Hex            3%         N/A       75%         4

Inventory:

Hand Weapons
 Y - a +1 sling (weapon)
Armour
 b - a +0 pair of boots
 g - a +0 leather armour (worn)
Scrolls
 a - 2 scrolls of identify
 c - a scroll of noise {unknown}
 e - a scroll of brand weapon {unknown}
Potions
 d - a potion of enlightenment {unknown}
 f - a potion of cancellation {unknown}

Dungeon Overview and Level Annotations

Branches:
Dungeon (2/15)

Altars:

Annotations:
D:2 Robin, Sigmund, Terence


Message History

The jackal bites you. Something hits you.
You shoot a sling bullet.
The sling bullet closely misses the jackal.
The sling bullet hits the jackal!
You kill the jackal!
The jackal bites you but does no damage.
The jackal closely misses you. Something hits you.
You shoot a sling bullet.
The sling bullet barely misses the jackal.
The jackal barely misses you. The jackal bites you.
Something hits you but does no damage.
You shoot a sling bullet. The sling bullet hits the jackal!
You kill the jackal!
The bat barely misses you.
You shoot a sling bullet.
The sling bullet hits the rat but does no damage.
Something hits you but does no damage. The rat barely misses you.
You shoot a sling bullet. The sling bullet barely misses the rat.
Something hits you. The rat barely misses you.
You shoot a sling bullet. The sling bullet barely misses the rat.
The rat bites you but does no damage. Something hits you!
The rat closely misses you.
You shoot a sling bullet. The sling bullet hits the rat!
You kill the rat!
The bat hits you but does no damage. Something hits you but does no damage.
You shoot a sling bullet. The sling bullet hits the kobold.
The kobold is heavily wounded.
The kobold barely misses you.
You shoot a sling bullet. The sling bullet hits the kobold.
You kill the kobold!
The bat misses you. Something hits you but does no damage.
You shoot a sling bullet. The sling bullet hits the bat.
The bat is severely wounded.
The bat hits you but does no damage. Something hits you.
You shoot a sling bullet. The sling bullet hits the bat.
You kill the bat!
Something hits you.
You shoot a sling bullet. Something hits you!
You die...

# .. ... .... ### .....
###.########......
#######...#.....@){%....
...........%######......
######.##.### .....
#.##.# .... .(##.# ...
#####.###.# ## #.....#
#.# #.##### #.#
.)#######.


There were no monsters in sight!

Vanquished Creatures
  3 dart slugs
  5 bats
  An endoplasm (D:1)
  2 giant cockroaches
  7 goblins
  9 hobgoblins
  6 jackals
  6 kobolds
  6 quokkas
  5 ball pythons
  5 frilled lizards
  4 rats
59 creatures vanquished.

Notes
Turn   | Place    | Note
-------+----------+-------------------------------------------
     0 | D:1      | qw the Gargoyle Hexslinger began the quest for the Orb.
     0 | D:1      | Reached XP level 1. HP: 12/12 MP: 2/2
     0 | D:1      | 0 ||| qw: Version: 0.3-a-52-g30416fa
     0 | D:1      | 0 ||| qw: Game counter: 7256
     0 | D:1      | 0 ||| qw: Melee chars always use a shield: true
     0 | D:1      | 0 ||| qw: God list: Okawaru
     0 | D:1      | 0 ||| qw: Allow faded altars: false
     0 | D:1      | 0 ||| qw: Do Orc after clearing Dungeon:15 true
     0 | D:1      | 0 ||| qw: Do second Lair branch before Depths: true
     0 | D:1      | 0 ||| qw: Lair rune preference: random
     0 | D:1      | 0 ||| qw: Goals: Normal
     0 | D:1      | 0 ||| PLANNING D:1-11
   199 | D:1      | Reached XP level 2. HP: 16/16 MP: 3/3
   440 | D:1      | Reached skill level 3 in Ranged Weapons
   570 | D:1      | Reached XP level 3. HP: 18/21 MP: 4/4
   807 | D:1      | 807 ||| UPGRADING to +0 leather armour.
   817 | D:1      | 817 ||| DROPPING +0 robe.
   818 | D:1      | 818 ||| READING 2 scrolls labelled NYASEA VIZERO.
   819 | D:1      | 819 ||| READING scroll labelled ROXECKUCUPH.
   823 | D:1      | 823 ||| DROPPING scroll of poison.
   914 | D:2      | Noticed Terence
   921 | D:2      | HP: 5/21 [Terence/+0 mace (3)]
   922 | D:2      | 922 ||| READING scroll of teleportation.
  1066 | D:2      | Found a faded altar of an unknown god.
  1184 | D:2      | Noticed Robin
  1188 | D:2      | Reached XP level 4. HP: 21/26 MP: 5/5
  1195 | D:2      | HP: 6/26 [goblin/+0 club[Robin] (3)]
  1196 | D:2      | 1196 ||| READING scroll of teleportation.
  1198 | D:2      | Reached skill level 4 in Ranged Weapons
  1336 | D:2      | Noticed Sigmund
  1347 | D:2      | HP: 4/26 [something (7)]
  1352 | D:2      | HP: 3/26 [something (1)]
  1353 | D:2      | Slain by Sigmund

Levels and vault maps discovered:
D:1:      erik_arrival_triangle_medium, layout_basic
D:2:      layout_rooms, hellmonk_ecumenical_altar_leap_of_faith, uniq_robin,
          uniq_sigmund, uniq_terence

Skill      XL: |  1  2  3  4 |
---------------+-------------+-----
Ranged Weapons | 3 4 |  4.1
Fighting       | 2 |  2.0
Dodging        | |  1.5
Spellcasting   | |  1.0
Hexes          | |  2.6

Action                     |  1- 3 |  4- 6 || total
---------------------------+-------+-------++-------
   Fire: Sling             |   148 |    37 ||   185
    Use: Scroll            |     3 |     1 ||     4
 Armour: Robe              |    30 |       ||    30
         Leather armour    |     7 |    16 ||    23
  Dodge: Dodged            |    56 |    19 ||    75

Table legend:
 A = Non-vault XP
 B = Vault XP
 C = Vault XP percentage of total XP
 D = Non-vault monster count
 E = Vault monster count
 F = Vault count percentage of total count
                 A         B        C        D         E       F
            +---------+---------+-------+---------+---------+-------
      Total |      90 |      17 |  15.9 |      50 |       9 |  15.3
            +---------+---------+-------+---------+---------+-------
        D:1 |      50 |       0 |   0.0 |      28 |       0 |   0.0
        D:2 |      40 |      17 |  29.8 |      22 |       9 |  29.0
            +---------+---------+-------+---------+---------+-------
